 Dungeon Crawl Stone Soup version 0.31.0-11-ge490571c62 (webtiles) character file.

Game seed: 8678538172010804923

6 qw the Shooter (level 1, -5/12 HPs)
             Began as a Deep Elf Hunter on Feb 3, 2024.
             Succumbed to their own poison gas
             ... on level 1 of the Dungeon.
             The game lasted 00:00:00 (724 turns).

qw the Shooter (Deep Elf Hunter)                     Turns: 724, Time: 00:00:01

Health: -5/12      AC:  3    Str:  8    XL:     1   Next: 75%
Magic:  3/3        EV: 12    Int: 13    God:
Gold:   67         SH:  0    Dex: 18    Spells: 0/0 levels left

rFire   . . .        a - +0 shortbow
rCold   . . .        (shield currently unavailable)
rNeg    . . .        c - +0 leather armour
rPois   .            (no helmet)
rElec   .            (no cloak)
rCorr   .            (no gloves)
SInv    .            (no boots)
Will    .....        (no amulet)
Stlth   +            (no ring)
HPRegen 0.22/turn    (no ring)
MPRegen 0.08/turn

%: no passive effects
@: lethally poisoned (-5 -> -24), very slow
A: no striking features
a: no special abilities


You were on level 1 of the Dungeon.
You visited 1 branch of the dungeon, and saw 1 of its levels.

You collected 67 gold pieces.


   Skills:
 - Level 1.5 Fighting
 + Level 5.8 Ranged Weapons
 - Level 2.4 Dodging
 - Level 1.2 Stealth


You couldn't memorise any spells.
You didn't know any spells.
Your spell library was empty.

Inventory:

Hand Weapons
 a - a +0 shortbow (weapon)
Armour
 c - a +0 leather armour (worn)
Potions
 d - a potion of enlightenment
 g - a potion of curing {unknown}
 h - a potion of heal wounds {unknown}
 i - a potion of degeneration {unknown}

Dungeon Overview and Level Annotations

Branches:
Dungeon (1/15)

Altars:


Message History

There is an open door here.
You enter the shallow water.
Moving in this stuff is going to be slow.
You see here 5 stones.
You enter the shallow water.
Moving in this stuff is going to be slow.
Done exploring.
Enter note:
Enter note: Done exploring.
721 ||| READING scroll labelled FAIXAU SEOHITO.
As you read the scroll labelled FAIXAU SEOHITO, it crumbles to dust.
It is a scroll of identify.
721 ||| IDENTIFYING lumpy orange potion;
d - a potion of enlightenment Done exploring.
722 ||| READING scroll labelled AZUL MU SAOSS.
The air fills with toxic fumes!
As you read the scroll labelled AZUL MU SAOSS, it crumbles to dust.
It was a scroll of poison.
Done exploring.
723 ||| DROPPING scroll of butterflies.
You drop a scroll of butterflies.
You hear a splash.
Done exploring.
What level of the Dungeon? (default 1, ? - help) Sorry, I don't know how to get there.
Enter note:
Enter note:
Enter note:
Enter note:
Enter note:
Enter note:
Enter note:
Enter note:
Enter note:
Enter note:
Enter note:
Enter note: You are engulfed in poison gas.
You are lethally poisoned!
Ouch! That really hurt! x2
You die... #.....# #..# #.......... #.....# #..7# #.......##. #.....# 7P7¤7

#.......... #.....# ##77¤¤¤77
###......###.
###.....###¤7¤¤7¤P7##........#
##
..'.....'..7¤¤¤¤¤~P7#(########
## ###.....##77P¤¤¤¤7P77.##
##. #####..7¤P¤PP¤¤¤¤¤7¤¤#
#7~~ ##.77¤P¤¤P@¤¤¤¤¤¤## #~~~
##.7¤¤¤¤¤¤¤?¤7~...# ###~~
#...¤¤¤P¤¤¤¤¤¤¤7#.# #.##~
#.77P¤¤¤¤¤¤¤¤¤7P#.# #..'~
#.77¤P¤¤¤¤¤¤¤¤¤P7.# #.##~
#.7PP¤¤¤¤¤¤¤¤¤7¤7.# ###~~
#..7¤¤¤¤¤¤¤¤¤¤¤7¤¤# #7~~
#.777¤¤¤¤¤¤¤¤¤P77¤# #P~~
#.7~¤¤¤¤¤¤¤¤¤¤¤¤.¤# ###7


There were no monsters in sight!

Vanquished Creatures
  A giant cockroach (D:1)
  2 quokkas (D:1)
  A goblin (D:1)
  2 rats (D:1)
6 creatures vanquished.

Notes
Turn   | Place    | Note
-------+----------+-------------------------------------------
     0 | D:1      | qw the Deep Elf Hunter began the quest for the Orb.
     0 | D:1      | Reached XP level 1. HP: 12/12 MP: 3/3
     0 | D:1      | 0 ||| qw: Version: 0.3-a-157-g843a77d
     0 | D:1      | 0 ||| qw: Game counter: 3905
     0 | D:1      | 0 ||| qw: Melee chars always use a shield: true
     0 | D:1      | 0 ||| qw: God list: Okawaru
     0 | D:1      | 0 ||| qw: Allow faded altars: false
     0 | D:1      | 0 ||| qw: Do Orc after clearing Dungeon:15 true
     0 | D:1      | 0 ||| qw: Do second Lair branch before Depths: true
     0 | D:1      | 0 ||| qw: Lair rune preference: random
     0 | D:1      | 0 ||| qw: Goals: Normal
     0 | D:1      | 0 ||| PLANNING D:1-11
   721 | D:1      | 721 ||| READING scroll labelled FAIXAU SEOHITO.
   721 | D:1      | 721 ||| IDENTIFYING lumpy orange potion
   722 | D:1      | 722 ||| READING scroll labelled AZUL MU SAOSS.
   723 | D:1      | 723 ||| DROPPING scroll of butterflies.
   724 | D:1      | HP: 2/12 [cloud of poison gas (10)]
   724 | D:1      | Succumbed to their own poison gas

Levels and vault maps discovered:
D:1:      sevenhm_arrival_forest_fort_small_4, layout_basic, serial_bayou,
          serial_bayou_crossing, serial_bayou_lake_a, serial_bayou_pond_a,
          serial_bayou_shore_b

Action                     || total
---------------------------++-------
   Fire: Shortbow          ||    18
    Use: Scroll            ||     2
 Armour: Leather armour    ||     1

Table legend:
 A = Non-vault XP
 B = Vault XP
 C = Vault XP percentage of total XP
 D = Non-vault monster count
 E = Vault monster count
 F = Vault count percentage of total count
                 A         B        C        D         E       F
            +---------+---------+-------+---------+---------+-------
      Total |       9 |       0 |   0.0 |       6 |       0 |   0.0
            +---------+---------+-------+---------+---------+-------
        D:1 |       9 |       0 |   0.0 |       6 |       0 |   0.0
            +---------+---------+-------+---------+---------+-------
